AoeStats
← lxcho-_-

Black Forest

509253195Analyzed
4v4 RM · 6d ago on Sep 26, 2026· 53m 46s· 8 players
Game mode
Random Map
Map size
Large (8 player)
Population
200
Speed
Normal
Resources
Standard
Victory
Conquest
Starting age
Dark Age
Ending age
Imperial Age
RankedLock teamsTeams togetherTeam positionsShared explorationLock speedFull tech treeHidden civsTurbo modeCheats
Victory
Defeat
🇨🇱 Italians · Chile
887
+37
🇨🇱 Vietnamese · Chile
832
+34
🇨🇱 Vikings · Chile
832
+34
🇨🇱 Franks · Chile
832
+34
🇨🇱 Britons · Chile
909
-19
🇨🇱 Khmer · Chile
893
-18
🇨🇱 Persians · Chile
868
-17
830
-16
Tio Gilipollas
1:10 Loom
14:24 Feudal Age
18:34 Castle Age
17:03 Double-Bit Axe
17:13 Horse Collar
22:17 Bow Saw
24:41 Heavy Plow
25:45 Gold Mining
28:52 Stone Mining
29:03 Murder Holes
29:22 Fortified Wall
29:37 Padded Archer Armor
29:27 Fletching
32:13 Leather Archer Armor
31:54 Bodkin Arrow
32:00 Scale Mail Armor
32:10 Forging
32:42 Gold Shaft Mining
33:52 Ballistics
33:22 Guard Tower
36:40 Imperial Age
36:17 Chain Mail Armor
36:38 Iron Casting
38:25 Two-Man Saw
38:01 Crop Rotation
38:23 Elite Varangian Guard
38:48 Arson
39:37 Ring Archer Armor
39:38 Plate Mail Armor
40:08 Blast Furnace
39:53 Conscription
43:11 Chemistry
41:52 Treadmill Crane
43:28 Squires
45:59 Masonry
45:54 Siege Engineers
45:55 Caravan
46:05 Bracer
47:45 Elite Berserk
48:27 Chieftains
50:04 Man-at-Arms
50:04 Pikeman
50:36 Heavy Scorpion
53:30 Long Swordsman
54:48 Architecture
lxcho-_-
11:23 Feudal Age
11:45 Horse Collar
11:52 Double-Bit Axe
15:26 Wheelbarrow
18:13 Gold Mining
20:50 Castle Age
21:10 Stone Mining
23:33 Caravan
23:53 Heavy Plow
24:04 Bow Saw
24:38 Loom
29:02 Stone Shaft Mining
29:11 Hand Cart
29:50 Scale Barding Armor
29:46 Padded Archer Armor
29:36 Fletching
29:58 Forging
30:26 Husbandry
30:36 Bloodlines
32:45 Bodkin Arrow
33:13 Chain Barding Armor
36:56 Imperial Age
34:50 Ballistics
37:25 Bodkin Arrow
37:05 Elite Battle Elephant
38:56 Plate Barding Armor
39:14 Elite Skirmisher
40:03 Thumb Ring
40:09 Light Cavalry
40:14 Imperial Skirmisher
42:17 Chatras
43:37 Crop Rotation
48:00 Bracer
48:15 Leather Archer Armor
49:22 Chemistry
50:29 Pikeman
50:49 Elite Rattan Archer
nOnY
7:46 Loom
10:40 Feudal Age
16:26 Castle Age
15:17 Double-Bit Axe
16:46 Stone Mining
23:09 Horse Collar
23:49 Fletching
26:23 Wheelbarrow
26:29 Wheelbarrow
28:04 Hand Cart
27:38 Town Watch
29:03 Stone Shaft Mining
30:30 Silk Road
34:48 Imperial Age
32:21 Gold Mining
32:56 Ballistics
33:18 Heavy Plow
34:03 Town Patrol
35:03 Caravan
35:27 Bodkin Arrow
36:16 Crop Rotation
36:21 Conscription
37:38 Coinage
36:59 Elite Genoese Crossbowman
39:07 Chemistry
39:37 Bracer
40:14 Padded Archer Armor
42:13 Leather Archer Armor
44:49 Ring Archer Armor
47:29 Scale Mail Armor
48:21 Forging
48:49 Chain Mail Armor
49:46 Iron Casting
49:52 Iron Casting
49:46 Squires
49:33 Arson
51:37 Masonry
53:08 Blast Furnace
52:39 Plate Mail Armor
Lhu
9:09 Loom
13:07 Feudal Age
19:40 Fletching
22:00 Castle Age
21:47 Wheelbarrow
21:54 Gold Mining
21:55 Stone Mining
21:52 Double-Bit Axe
22:42 Caravan
24:33 Bow Saw
29:18 Hand Cart
35:20 Imperial Age
33:41 Gold Shaft Mining
35:02 Scale Barding Armor
35:08 Forging
35:40 Masonry
35:13 Treadmill Crane
37:48 Ballistics
38:28 Siege Engineers
38:21 Cavalier
39:02 Husbandry
39:45 Town Watch
40:24 Chain Barding Armor
40:40 Iron Casting
40:08 Squires
40:17 Chivalry
40:38 Conscription
39:51 Paladin
48:38 Plate Barding Armor
49:14 Blast Furnace
cruzadometalero
2:57 Loom
15:16 Feudal Age
16:55 Horse Collar
17:04 Double-Bit Axe
24:17 Castle Age
27:14 Caravan
27:57 Bloodlines
27:49 Husbandry
27:45 Town Watch
28:36 Wheelbarrow
28:00 Stone Mining
28:06 Gold Mining
30:13 Bow Saw
30:54 Gold Shaft Mining
34:40 Imperial Age
36:33 Elite Battle Elephant
38:22 Scale Barding Armor
38:27 Forging
38:11 Fletching
40:20 Hand Cart
45:05 Chain Barding Armor
45:20 Iron Casting
49:31 Plate Barding Armor
cabronXone
1:06 Loom
15:24 Feudal Age
20:59 Fletching
23:17 Castle Age
21:34 Stone Mining
22:30 Fletching
22:54 Forging
24:33 Bodkin Arrow
24:39 Padded Archer Armor
24:45 Scale Barding Armor
24:41 Scale Mail Armor
26:42 Double-Bit Axe
29:06 Siphons
30:47 Town Watch
31:25 Horse Collar
31:39 Gold Mining
32:53 Bow Saw
34:52 Coinage
35:42 Heavy Plow
39:24 Imperial Age
38:41 Husbandry
43:57 Two-Man Saw
44:52 Chemistry
44:12 Ballistics
44:34 Wheelbarrow
44:04 Town Patrol
47:02 Kamandaran
47:12 Citadels
47:57 Banking
47:11 Elite Skirmisher
48:44 Squires
48:05 Pikeman
48:30 Arson
50:37 Bloodlines
49:47 Light Cavalry
52:25 Chain Barding Armor
52:21 Chain Mail Armor
52:22 Leather Archer Armor
52:43 Iron Casting
Hunterkiller
0:39 Loom
12:59 Feudal Age
13:25 Horse Collar
13:32 Double-Bit Axe
18:50 Castle Age
20:07 Stone Mining
20:08 Gold Mining
22:48 Gold Shaft Mining
22:36 Heavy Plow
25:25 Fletching
25:35 Padded Archer Armor
26:18 Bow Saw
27:50 Ballistics
27:54 Bodkin Arrow
28:21 Leather Archer Armor
30:18 Yeomen
30:18 Treadmill Crane
34:27 Imperial Age
33:54 Caravan
35:09 Warwolf
34:31 Elite Longbowman
35:34 Bracer
36:59 Chemistry
43:17 Wheelbarrow
42:27 Town Watch
ricardorodriguez2978
0:32 Loom
13:00 Feudal Age
17:39 Castle Age
27:37 Double-Bit Axe
27:39 Horse Collar
30:34 Imperial Age
28:38 Heavy Plow
28:52 Bow Saw
29:39 Fervor
31:47 Wheelbarrow
30:58 Town Watch
31:59 Wheelbarrow
31:09 Town Watch
32:33 Two-Man Saw
32:51 Chemistry
32:24 Guilds
32:19 Caravan
33:00 Hand Cart
33:31 Town Patrol
34:20 Wagenburg Tactics
34:36 Conscription
36:03 Guilds
37:13 Ballistics
37:07 Masonry
37:37 Elite Hussite Wagon
39:14 Houfnice
41:32 Siege Engineers
41:57 Architecture
41:15 Arrowslits
Connection lost

Rejoining the realm…

Still unreachable

The connection could not be restored.

Session expired

The server has moved on; the page needs a fresh start.